Map: Acid Plant LE

Players

Rhongomyniad

  • Race: Terran Terran
  • Spawn Location: 5:00

JaySlays - Winner!

  • Race: Protoss Protoss
  • Spawn Location: 11:00

VOD

Have the link to the VOD?

Description

Time

  • Played on: April 21, 2018, 10:14 p.m.
  • Length: 5:44
Show
View Real Time Build Order
Export as new Build Order

Rhongomyniad Terran 

Build Orders:  

Get SALT Encoding   

  12  0:01  SCV  
  13  0:13  SCV  
  14  0:17  Supply Depot  
  14  0:25  SCV  
  15  0:39  SCV  
  16  0:43  Barracks  
  16  0:51  SCV  
  17  1:03  Refinery  
  17  1:05  SCV  
  18  1:17  SCV  
  19  1:29  SCV  
  20  1:34  Supply Depot  
  20  1:38  Marine  
  21  1:43  SCV  
  22  1:50  Refinery  
  22  1:56  Marine  
  22  1:58  Barracks  
  23  2:10  SCV  
  25  2:17  Barracks  
  24  2:28  SCV  
  24  2:29  Barracks Tech Lab  
  25  2:39  Command Center  
  25  2:46  Factory, Barracks Reactor  
  25  2:50  Orbital Command  
  25  2:58  Marauder  
  27  3:08  Supply Depot  
  27  3:12  Marine  
  28  3:21  Marauder  
  28  3:25  Marine  
  31  3:29  Marine  
  31  3:32  Supply Depot  
  32  3:35  Factory Tech Lab  
  32  3:51  SCV  
  33  3:57  Siege Tank  
  36  4:02  Marine  
  36  4:03  Marine  
  36  4:07  Marauder  
  36  4:09  Marine  
  41  4:18  Starport  
  41  4:20  Marine  
  42  4:27  Marine  
  42  4:29  Siege Tank, Marauder  
  42  4:30  Marine  
  49  4:45  Supply Depot  
  49  4:50  Marauder  
Show
View Real Time Build Order
Export as new Build Order

JaySlays Protoss - Winner!

Build Orders: Dark Templar Rush 

Get SALT Encoding   

  12  0:00  Probe  
  13  0:13  Probe  
  14  0:18  Pylon  
  14  0:24  Probe  
  15  0:31  Assimilator  
  15  0:32  Probe  
  15  0:42  Probe  
  16  0:44  Gateway  
  17  0:54  Probe  
  18  1:06  Probe  
  18  1:07  Assimilator  
  19  1:14  Probe  
  19  1:22  Probe  
  21  1:33  Probe  
  22  1:42  Cybernetics Core  
  22  1:45  Probe  
  23  1:52  Pylon  
  23  1:59  Gateway  
  23  2:01  Warp Gate  
  23  2:10  Probe  
  23  2:20  Twilight Council  
  24  2:28  Robotics Facility  
  23  2:40  Gateway  
  23  2:44  Gateway  
  23  2:47  Adept  
  25  3:00  Dark Shrine  
  25  3:01  Probe  
  26  3:15  Warp Prism  
  28  3:22  Pylon  
  28  3:39  Probe  
  29  4:03  Adept  
  29  4:04  Adept  
  33  4:17  Pylon  
  33  4:25  Dark Templar x2  
  33  4:26  Dark Templar  
  39  4:43  Dark Templar  
  41  5:16  Dark Templar x2  
  39  5:30  Nexus  
Tags
 
Add a new tag
Caveats
  • Supply blocks, unpowered buildings, or Contaminate may cause inaccurate times.
  • Supply counts are checked every 10 seconds.